 Dungeon Crawl Stone Soup version 0.31-a0-750-gfe7b580527 (webtiles) character file.

Game seed: 9426628297239648117

336 Dittersdorf the Trooper (level 6, -1/40 HPs)
             Began as a Gargoyle Fighter on Sept 14, 2023.
             Slain by Dowan
             ... wielding a +0 dagger
              (2 damage)
             ... on level 4 of the Dungeon.
             The game lasted 00:04:12 (2768 turns).

Dittersdorf the Trooper (Gargoyle Fighter)          Turns: 2768, Time: 00:04:12

Health: -1/40      AC: 11    Str: 21    XL:     6   Next: 54%
Magic:  0/6        EV:  9    Int:  9    God:
Gold:   168        SH:  5    Dex: 15    Spells: 5/5 levels left

rFire   + . .        a - +0 flail
rCold   + . .        c - +0 buckler
rNeg    + . .        b - +0 scale mail
rPois   ∞            (no helmet)
rElec   +            h - scarf {rC+ rF+}
rCorr   +            (no gloves)
SInv    .            (no boots)
Will    .....        i - amulet of guardian spirit Stlth
                     j - ring of resist corrosion
HPRegen 0.26/turn    l - +6 ring of dexterity
MPRegen 0.10/turn

%: guardian spirit
@: no status effects
A: sickness immunity, AC +4, negative energy resistance 1, electricity
resistance, torment resistance 1, petrification resistance
a: no special abilities


You were on level 4 of the Dungeon.
You visited 1 branch of the dungeon, and saw 4 of its levels.

You collected 168 gold pieces.

Inventory:

Hand Weapons
 a - a +0 flail (weapon)
Armour
 b - a +0 scale mail (worn)
 c - a +0 buckler (worn)
 e - the +0 cloak "Fuaq" {Str+4}
   (You found it on level 4 of the Dungeon)

   Str+4:     It affects your strength (+4).
 h - a scarf of resistance (worn)
Jewellery
 i - an amulet of guardian spirit (around neck)
 j - a ring of resist corrosion (left hand)
 l - a +6 ring of dexterity (right hand)
 u - a ring of positive energy
 w - a ring of protection from fire
 y - a ring of positive energy
Potions
 d - 2 potions of might
 f - 2 potions of invisibility
 g - a potion of haste
 k - 2 potions of attraction {unknown}
 n - 2 potions of resistance {unknown}
 o - a potion of berserk rage {unknown}
 q - a potion of mutation {unknown}
 r - a potion of heal wounds {unknown}
 s - 3 potions of degeneration {unknown}
 t - 2 potions of curing {unknown}
 z - 2 potions of enlightenment {unknown}


   Skills:
 + Level 4.8 Fighting
 + Level 3.6 Maces & Flails
 + Level 4.8 Armour
 + Level 4.8 Shields


You had 5 spell levels left.
You didn't know any spells.
Your spell library contained the following spells:

 Spells                   Type           Power      Damage    Failure   Level
 Hailstorm                Conj/Ice       0%         3d3       98%         3
 Summon Ice Beast         Ice/Summ       0%         N/A       100%        4
 Simulacrum               Ice/Necr       0%         N/A       100%        6


Dungeon Overview and Level Annotations

Branches:
Dungeon (4/15)
 Temple: D:4-7

Altars:
Cheibriados

Annotations:
D:4 Dowan


Innate Abilities, Weirdness & Mutations

You are immune to sickness and miasma.
Your stone body is resilient. (AC +4)
You are immune to poison.
You resist negative energy. (rN+)
You are resistant to electric shocks. (rElec)
You are resistant to unholy torment.
You are immune to petrification.


Message History

Dowan blinks!
Duvessa hits you with a +0 rapier!
* * * LOW HITPOINT WARNING * * *
You completely miss Duvessa.
Duvessa is almost dead.
Dowan barely misses you. You block Duvessa's attack.
You hit Duvessa.
Duvessa is almost dead.
Dowan hits you with a +0 dagger.
* * * LOW HITPOINT WARNING * * *
Duvessa gestures with her weapon.
Duvessa closely misses you. Dowan hits you but does no damage.
You hit Duvessa.
You kill Duvessa!
Dowan's eyes darken. "You have made a grave mistake."
Dowan seems to find hidden reserves of power!
Dowan closely misses you. You block Dowan's attack.
Throw: 3 darts (curare)
Press: ? - help, Q - select action Shift-Dir - straight line, f - Dowan
Aim: Dowan, wielding a +0 dagger and wearing a +0 robe (fast, 46% to hit)
You throw a curare-tipped dart.
The curare-tipped dart barely misses Dowan.
Dowan points at you and mumbles some strange words.
The shard of ice hits you! You partially resist.
* * * LOW HITPOINT WARNING * * *
Throw: 2 darts (curare)
Press: ? - help, Q - select action Shift-Dir - straight line, f/p - Dowan
Aim: Dowan, wielding a +0 dagger and wearing a +0 robe (fast, 46% to hit)
You throw a curare-tipped dart.
The curare-tipped dart barely misses Dowan.
You block Dowan's attack. Dowan hits you with a +0 dagger.
* * * LOW HITPOINT WARNING * * *
Throw: dart (curare)
Press: ? - help, Q - select action Shift-Dir - straight line, f/p - Dowan
Aim: Dowan, wielding a +0 dagger and wearing a +0 robe (fast, 46% to hit)
You throw a curare-tipped dart. The curare-tipped dart hits Dowan.
Dowan is poisoned.
Dowan convulses.
Dowan seems to slow down.
Dowan is lightly wounded.
Dowan hits you with a +0 dagger.
You die...

.####......# #..###..#
.......#...# #.## ##.#
####...### #.# #.#
#..######.## ##.# #.
#.....[(...###.## #.
##'########..<#### #. #...#
#(.>......# #. #.....#
#e##..###.# ###.
#.......##@#.#.###.# #...
#.........#)##...##.#####.#.
.'.........(.................
##...e.....####...########.#.
.e....# #..## #.#. .....#
#.## #.#. #...# #.# #... ##+#
#.# ###. #.# #.


You could see Dowan (fast, very poisoned, slow).

Vanquished Creatures
  Duvessa (D:4)
  A scorpion (D:4)
  An orc priest (D:4)
  A sleepcap (D:4)
  An orc wizard (D:4)
  3 adders
  A worm (D:3)
  A dart slug (D:4)
  3 orcs
  3 endoplasms
  3 giant cockroaches
  5 goblins
  5 hobgoblins
  A kobold (D:1)
  4 quokkas
  6 ball pythons
  8 bats
  6 frilled lizards
  4 rats
58 creatures vanquished.

Notes
Turn   | Place    | Note
-------+----------+-------------------------------------------
     0 | D:1      | Dittersdorf the Gargoyle Fighter began the quest for the
                  | Orb.
     0 | D:1      | Reached XP level 1. HP: 14/14 MP: 1/1
   328 | D:1      | Reached XP level 2. HP: 19/19 MP: 2/2
   975 | D:2      | Reached XP level 3. HP: 21/24 MP: 3/3
  1917 | D:3      | Reached XP level 4. HP: 29/29 MP: 4/4
  2340 | D:4      | Noticed Duvessa
  2340 | D:4      | Noticed Dowan
  2374 | D:4      | Noticed a scorpion
  2383 | D:4      | Killed a scorpion
  2384 | D:4      | Reached XP level 5. HP: 33/33 MP: 5/5
  2602 | D:4      | Identified the +0 cloak "Fuaq" {Str+4}
  2664 | D:4      | Reached XP level 6. HP: 30/39 MP: 6/6
  2711 | D:4      | Found a snail-covered altar of Cheibriados.
  2765 | D:4      | Killed Duvessa
  2766 | D:4      | HP: 1/40 [Dowan/shard of ice (7)]
  2768 | D:4      | Slain by Dowan

Illustrated notes

Levels and vault maps discovered:
D:1:      dpeg_arrival_three_same_balls, layout_loops_corners
D:2:      layout_loops_ring
D:3:      layout_basic, grunt_ministairs_12
D:4:      layout_loops_corners, mainiacjoe_overflow_surrounded_room,
          minivault_23, dk_noncrumbling_4, uniq_duvessa

Skill      XL: |  1  2  3  4 |
---------------+-------------+-----
Fighting       | 4 |  4.8
Armour         | 4 |  4.8
Shields        | 4 |  4.8
Maces & Flails | 3 |  3.6

Action                     |  1- 3 |  4- 6 || total
---------------------------+-------+-------++-------
  Melee: Flail             |   103 |    84 ||   187
  Throw: Dart              |       |     4 ||     4
    Use: Scroll            |       |     7 ||     7
 Armour: Scale mail        |    69 |    55 ||   124
  Dodge: Dodged            |    48 |    39 ||    87
  Block: Buckler           |    26 |    14 ||    40

Table legend: (Time is in decaauts)
 A = Elapsed time spent in this place.
 B = Non-inter-level travel time spent in this place.
 C = Inter-level travel time spent in this place.
 D = Time resting spent in this place.
 E = Time spent auto-exploring this place.
 F = Levels seen in this place.
 G = Mean time per level.
                   A        B        C        D        E       F      G
               +--------+--------+--------+--------+--------+-----+--------+
         Total |   2823 |   2695 |    128 |     32 |   2104 |   4 |  705.8 |
       Dungeon |   2823 |   2695 |    128 |     32 |   2104 |   4 |  705.8 |
               +--------+--------+--------+--------+--------+-----+--------+

Top non-repeatable levels by time:
     D:1: 980 daAuts
     D:3: 855 daAuts
     D:2: 594 daAuts
     D:4: 393 daAuts
